 Dungeon Crawl Stone Soup version 0.20.1-1-g8b1a95d (console) character file.

4363 hilaritas the Carver (level 10, -5/53 HPs)
             Began as a Vine Stalker Fighter on Mar 3, 2018.
             Was a Priest of Makhleb.
             Slain by a two-headed ogre
             ... wielding a +0 giant club
              (15 damage)
             ... on level 8 of the Dungeon.
             The game lasted 00:21:02 (5933 turns).

hilaritas the Carver (Vine Stalker Fighter)         Turns: 5933, Time: 00:21:03

Health: -5/53      AC: 14    Str: 27    XL:     10   Next: 34%
Magic:  0/13       EV:  5    Int:  8    God:    Makhleb [***...]
Gold:   872        SH: 11    Dex: 13    Spells: 9/9 levels left

rFire    + . .     SeeInvis .   a - +1 long sword
rCold    . . .     Gourm    .   c - +0 shield
rNeg     + . .     Faith    .   y - +0 plate armour
rPois    +         Spirit   +   (no helmet)
rElec    .         Reflect  .   x - scarf of the Equator {rN+ Str+4}
rCorr    .         Harm     .   (no gloves)
MR       +....                  l - +2 pair of boots
Stlth    ..........             s - amulet of magic regeneration
Regen    0.6/turn               q - ring of poison resistance
MPRegen  0.2/turn               z - ring of protection from fire

@: no status effects
A: fangs 3, regeneration 1, magic shield, antimagic bite, no potion heal 3, rot
immunity
a: Minor Destruction, Lesser Servant of Makhleb, Renounce Religion


You were on level 8 of the Dungeon.
You worshipped Makhleb.
Makhleb was most pleased with you.
You were not hungry.

You visited 1 branch of the dungeon, and saw 8 of its levels.
You also visited: Ossuary.

You collected 872 gold pieces.

Inventory:

Hand Weapons
 a - a +1 long sword (weapon)
 b - a +0 dagger of venom
 d - a +0 long sword
 i - a +0 dagger
Armour
 c - a +0 shield (worn)
 l - a +2 pair of boots (worn)
 x - the scarf of the Equator (worn) {rN+ Str+4}
   (You found it on level 6 of the Dungeon)

   It affects your strength (+4).
   It protects you from negative energy.
 y - a +0 plate armour (worn)
Jewellery
 q - a ring of poison resistance (left hand)
 s - an amulet of magic regeneration (around neck)
 z - a ring of protection from fire (right hand)
Wands
 B - a wand of paralysis (13/24)
 F - a wand of acid (11/15)
Scrolls
 h - 3 scrolls of blinking
 m - a scroll of enchant weapon
 r - 7 scrolls of remove curse
 v - 2 scrolls of fog
 w - 3 scrolls of teleportation
Potions
 g - 2 potions of flight
 k - 6 potions of curing
 n - a potion of lignification {unknown}
 t - a potion of resistance
 u - 2 potions of brilliance {unknown}
 A - 2 potions of haste
 C - 2 potions of ambrosia {unknown}
 D - a potion of mutation {unknown}
 E - a potion of cancellation {unknown}
 H - a potion of might
Books
 G - a book of Frost

   Spells                             Type                      Level
   a - Freeze                         Ice                          1
   b - Throw Frost                    Conjuration/Ice              2
   c - Ozocubu's Armour               Charms/Ice                   3
   d - Throw Icicle                   Conjuration/Ice              4
   e - Summon Ice Beast               Ice/Summoning                4
 I - a book of Callings

   Spells                             Type                      Level
   a - Summon Small Mammal            Summoning                    1
   b - Call Imp                       Summoning                    2
   c - Call Canine Familiar           Summoning                    3
   d - Summon Guardian Golem          Hexes/Summoning              3
   e - Summon Lightning Spire         Summoning/Air                4
   f - Summon Ice Beast               Ice/Summoning                4
Comestibles
 f - 5 bread rations
 j - 4 royal jellies
 o - 6 meat rations
 p - 6 fruits


   Skills:
 * Level 6.9 Fighting
 - Level 10.0 Long Blades
 - Level 2.4 Armour
 + Level 6.5 Shields
 * Level 3.4 Invocations


You had 9 spell levels left.
You didn't know any spells.

Dungeon Overview and Level Annotations

Branches:
Dungeon (8/15)             Temple (0/1) D:5
   Lair: D:8-11

Altars:
Fedhas
Gozag
Makhleb
Okawaru
Trog
Yredelemnul

Shops:
D:5 ((


Innate Abilities, Weirdness & Mutations

You have razor-sharp teeth.
Your natural rate of healing is unusually fast.
When hurt, damage is shared between your health and your magic reserves.
Your bite disrupts and absorbs the magic of your enemies.
Potions cannot restore your health.
You are immune to rotting.


Message History

You feel your power leaking away.
You slash the bullfrog skeleton!
You destroy the bullfrog skeleton!
Makhleb accepts your kill.
You hit the two-headed ogre.
The two-headed ogre is heavily wounded.
You hit the two-headed ogre. You bite the two-headed ogre. You drain its power.
You feel invigorated.
The two-headed ogre is severely wounded.
The two-headed ogre hits you with a giant club!
The two-headed ogre hits you with a giant spiked club!
* * * LOW HITPOINT WARNING * * *
Unknown command.
You slash the two-headed ogre!
The two-headed ogre is almost dead.
You barely miss the two-headed ogre. You bite the two-headed ogre.
You drain its power.
You feel invigorated.
The two-headed ogre is almost dead.
The two-headed ogre hits you with a giant club!!
You die...

###### #.....
######### #.#...
#.......# #.....
#.......# #.....
#.......## #.#...
#####....#### #.#..#
##......#######.....
##@###........##.#.
#O##########......
#sl### ######.
##JG.### #. ###...####
#. ##...#....# ##
###...l.....#* *,
##...s........# *,
##.............# *,
#....JOG.......# **,
#..............#****,,


You could see a two-headed ogre, an eye of draining, a scorpion, a jelly and a
leopard gecko.

Vanquished Creatures
  The ghost of ceb the Skirmisher, a novice DsFi of Okawaru (D:6)
  The ghost of hilaritas the Slasher, a novice HuFi (D:4)
  Prince Ribbit (D:5)
  A hippogriff (D:7)
  Sigmund (D:6)
  Eustachio (D:6)
  A wyvern (D:8)
  A sky beast (D:6)
  An orc warrior (D:6)
  2 ice beasts
  A phantom (D:4)
  A necrophage (D:6)
  4 ogres
  4 centaurs (D:5)
  A big kobold (D:7)
  3 bullfrogs
  A scorpion (D:7)
  A wyvern skeleton (D:8)
  2 howler monkeys
  A crimson imp (D:5)
  A centaur zombie (D:6)
  A bullfrog zombie (D:6)
  2 orc priests
  A human zombie (Ossuary)
  2 jellies
  3 bullfrog skeletons
  5 hounds
  3 orc wizards
  Crazy Yiuf (D:6)
  3 iguanas
  3 worker ants
  4 big kobold zombies (Ossuary)
  A hound skeleton (D:8)
  2 mummies (Ossuary)
  11 adders
  19 gnolls
  A howler monkey skeleton (D:4)
  An ooze (D:2)
  3 adder zombies
  5 worms
  2 dart slugs
  6 leopard geckos
  26 orcs
  8 giant cockroaches
  10 goblins
  8 hobgoblins
  8 jackals
  12 kobolds
  A quokka (D:6)
  7 bats
  3 frilled lizards
  4 goblin zombies (Ossuary)
  3 hobgoblin zombies (Ossuary)
  2 orc zombies (Ossuary)
  6 rats
208 creatures vanquished.

Vanquished Creatures (others)
  A wizard (D:3)
1 creature vanquished.

Grand Total: 209 creatures vanquished

Notes
Turn   | Place    | Note
-------+----------+-------------------------------------------
     0 | D:1      | hilaritas the Vine Stalker Fighter began the quest for the Orb.
     0 | D:1      | Reached XP level 1. HP: 11/11 MP: 2/2
   149 | D:1      | Reached skill level 2 in Long Blades
   162 | D:1      | Reached XP level 2. HP: 14/16 MP: 3/3
   543 | D:1      | Reached XP level 3. HP: 19/19 MP: 4/4
  1115 | D:2      | Reached skill level 3 in Long Blades
  1288 | D:2      | Gained mutation: Your natural rate of healing is unusually fast. [Vine Stalker growth]
  1288 | D:2      | Reached XP level 4. HP: 24/24 MP: 5/5
  1799 | D:3      | Reached XP level 5. HP: 28/28 MP: 6/6
  1846 | D:3      | Reached skill level 4 in Long Blades
  2180 | D:3      | Found a bloodstained altar of Trog.
  2181 | D:3      | Noticed a wizard
  2187 | D:3      | Killed a wizard
  2355 | D:4      | Noticed a phantom
  2383 | D:4      | Killed a phantom
  2383 | D:4      | Reached XP level 6. HP: 19/32 MP: 7/7
  2453 | D:4      | Reached skill level 5 in Long Blades
  2685 | D:4      | Reached XP level 7. HP: 36/36 MP: 8/8
  2706 | D:4      | Noticed hilaritas's ghost (novice HuFi)
  2738 | D:4      | Killed hilaritas's ghost
  2738 | D:4      | Reached skill level 6 in Long Blades
  3006 | D:4      | Found a basalt altar of Yredelemnul.
  3015 | D:4      | Found a bloodstained altar of Trog.
  3166 | D:5      | Entered Level 5 of the Dungeon
  3182 | D:5      | You fall through a shaft!
  3212 | D:6      | Got a bloodstained scarf
  3218 | D:6      | Identified the scarf of the Equator {rN+ Str+4} (You found it on level 6 of the Dungeon)
  3261 | D:6      | Reached skill level 7 in Long Blades
  3261 | D:6      | Gained mutation: You have razor-sharp teeth. [Vine Stalker growth]
  3261 | D:6      | Reached XP level 8. HP: 32/42 MP: 9/9
  3267 | D:6      | Noticed ceb's ghost (novice DsFi)
  3317 | D:6      | Killed ceb's ghost
  3391 | D:6      | Reached skill level 8 in Long Blades
  3466 | D:6      | Found a burning altar of Makhleb.
  3473 | D:6      | Became a worshipper of Makhleb the Destroyer
  3511 | D:6      | Noticed Eustachio
  3520 | D:6      | Killed Eustachio
  3595 | D:6      | Found a runed door.
  3654 | D:6      | Reached XP level 9. HP: 42/46 MP: 7/10
  3778 | D:6      | Noticed Sigmund
  3782 | D:6      | Killed Sigmund
  3782 | D:6      | Reached skill level 9 in Long Blades
  3907 | D:6      | Noticed Crazy Yiuf
  3910 | D:6      | Killed Crazy Yiuf
  3999 | D:5      | Noticed Prince Ribbit
  4008 | D:5      | Killed Prince Ribbit
  4013 | D:5      | Reached skill level 5 in Shields
  4025 | D:5      | Reached skill level 5 in Fighting
  4028 | D:5      | Reached skill level 1 in Invocations
  4061 | D:5      | Found a blossoming altar of Fedhas.
  4104 | D:5      | HP: 4/47 [ogre/giant spiked club (18)]
  4106 | D:5      | Reached * piety under Makhleb
  4120 | D:5      | Reached skill level 10 in Long Blades
  4298 | D:5      | Found Ulai's Weapon Shop.
  4300 | D:5      | Found a staircase to the Ecumenical Temple.
  4315 | D:5      | Found Zofud's Antique Weapon Shop.
  4419 | D:5      | Found an iron altar of Okawaru.
  4701 | D:7      | Reached XP level 10. HP: 34/53 MP: 7/12
  4991 | D:7      | Reached ** piety under Makhleb
  5063 | D:7      | Found an opulent altar of Gozag.
  5652 | D:8      | Found a sand-covered staircase.
  5661 | Ossuary  | Entered an ossuary
  5749 | Ossuary  | Reached *** piety under Makhleb
  5882 | D:8      | Noticed a two-headed ogre
  5887 | D:8      | HP: 5/53 [wyvern (4)]
  5933 | D:8      | Slain by a two-headed ogre

Skill      XL: |  1  2  3  4  5  6  7  8  9 10 |
---------------+-------------------------------+-----
Long Blades    | 2 3 4 5 7 8 10 | 10.0
Fighting       | 3 4 6 |  6.9
Shields        | 3 4 5 6 |  6.5
Invocations    | 2 3 |  3.4
Armour         | |  2.4

Action                   |  1- 3 |  4- 6 |  7- 9 | 10-12 || total
-------------------------+-------+-------+-------+-------++-------
Melee: Long sword        |    93 |   144 |   253 |   172 ||   662
       Bite              |    21 |    54 |   119 |    73 ||   267
Throw: Tomahawk          |       |       |       |     1 ||     1
Invok: Lesser Servant of |       |       |       |     1 ||     1
  Use: Scroll            |     6 |     5 |     4 |     2 ||    17
       Potion            |       |       |     1 |       ||     1
  Eat: Chunk             |     1 |     5 |     7 |     4 ||    17
Armor: Scale mail        |    35 |    42 |       |       ||    77
       Chain mail        |       |     7 |    36 |       ||    43
       Plate armour      |       |       |   105 |    58 ||   163
Dodge: Dodged            |    22 |    32 |    52 |    23 ||   129
Block: Shield            |    40 |    43 |   145 |    88 ||   316
       Rpst.: Long sword |     9 |     9 |    15 |     6 ||    39
